 Dungeon Crawl Stone Soup version 0.28-a0-1435-g82390b3a13 (webtiles) character file.

Game seed: 16302578467461033850

4867 Shayle the Magician (level 10, -5/79 HPs)
             Began as a Gnoll Warper on Jan 9, 2022.
             Was a Believer of Makhleb.
             Killed from afar by Erica (23 damage)
             ... with a lance of force
             ... on level 8 of the Dungeon.
             The game lasted 00:21:10 (11048 turns).

Shayle the Magician (Gnoll Warper)                 Turns: 11048, Time: 00:21:12

Health: -5/79      AC:  8    Str: 13    XL:     10   Next: 50%
Magic:  19/21      EV: 19    Int: 17    God:    Makhleb [**....]
Gold:   852        SH:  0    Dex: 17    Spells: 5/23 levels left

rFire   . . .      SeeInvis .   i - +2 great sword (holy)
rCold   . . .      Faith    .   (shield currently unavailable)
rNeg    + . .      Spirit   .   j - +3 leather armour of Wisdom {rN+ Int+2}
rPois   .          Reflect  .   (no helmet)
rElec   .          Harm     .   r - +0 cloak
rCorr   .          Rampage  .   (no gloves)
Will    .....                   (no boots)
Stlth   +++.......              (no amulet)
HPRegen 0.23/turn               k - +4 ring of evasion
MPRegen 0.17/turn               v - +6 ring of dexterity

@: slowed, very slow
A: fangs 1, strong nose, distributed training
a: Renounce Religion, Minor Destruction


You were on level 8 of the Dungeon.
You worshipped Makhleb.
Makhleb was pleased with you.
You visited 2 branches of the dungeon, and saw 9 of its levels.

You collected 852 gold pieces.

Inventory:

Hand Weapons
 h - a +1 vorpal whip
 i - a +2 great sword of holy wrath (weapon)
 p - a +2 flail of protection
Missiles
 d - 49 poisoned darts (quivered)
 s - a curare-tipped dart
Armour
 a - a +0 leather armour
 b - a +0 ring mail
 j - the +3 leather armour of Wisdom (worn) {rN+ Int+2}
   (You found it on level 2 of the Dungeon)

   Int:       It affects your intelligence (+2).
   rN:        It protects you from negative energy.
 l - +0 fire dragon scales
 r - a +0 cloak (worn)
Jewellery
 k - a +4 ring of evasion (left hand)
 o - an amulet of guardian spirit
 v - a +6 ring of dexterity (right hand)
Wands
 f - a wand of flame (66)
 g - a wand of acid (19)
 t - a wand of charming (7)
Scrolls
 c - a scroll of magic mapping
 e - 3 scrolls of teleportation
 m - 3 scrolls of enchant weapon
 n - a scroll of identify
 q - a scroll of enchant armour {unknown}


   Skills:
 + Level 7.1 Fighting
 + Level 5.3 Short Blades
 + Level 5.3 Long Blades
 + Level 5.3 Axes
 + Level 5.3 Maces & Flails
 + Level 5.3 Polearms
 + Level 5.3 Staves
 + Level 5.3 Slings
 + Level 5.3 Bows
 + Level 5.3 Crossbows
 + Level 6.0 Throwing
 + Level 6.0 Armour
 + Level 7.1 Dodging
 + Level 5.3 Stealth
 + Level 5.3 Shields
 + Level 7.1 Unarmed Combat
 + Level 7.4 Spellcasting
 + Level 4.4 Conjurations
 + Level 4.4 Hexes
 + Level 4.4 Summonings
 + Level 4.4 Necromancy
 + Level 7.1 Translocations
 + Level 4.4 Transmutations
 + Level 4.4 Fire Magic
 + Level 4.4 Ice Magic
 + Level 4.4 Air Magic
 + Level 4.4 Earth Magic
 + Level 4.4 Poison Magic
 + Level 5.9 Invocations
 + Level 5.3 Evocations


You had 5 spell levels left.
You knew the following spells:

 Your Spells              Type           Power      Damage    Failure   Level
a - Storm Form            Tmut/Air       10%        N/A       100%        7
b - Blink                 Tloc           60%        N/A       1%          2
c - Teleport Other        Tloc           30%        N/A       2%          3
d - Mephitic Cloud        Conj/Pois/Air  21%        N/A       7%          3
e - Ignite Poison         Fire/Tmut/Pois 21%        N/A       7%          3

Your spell library contained the following spells:

 Spells                   Type           Power      Damage    Failure   Level
 Summon Small Mammal      Summ           84%        N/A       2%          1
 Gell's Gravitas          Tloc           30%        N/A       2%          3
 Lesser Beckoning         Tloc           30%        N/A       2%          3
 Call Canine Familiar     Summ           21%        N/A       7%          3
 Summon Guardian Golem    Hex/Summ       21%        N/A       7%          3
 Manifold Assault         Tloc           30%        N/A       21%         5
 Summon Lightning Spire   Summ/Air       21%        N/A       22%         4
 Fireball                 Conj/Fire      10%        3d6       52%         5
 Freezing Cloud           Conj/Ice/Air   10%        6-21      52%         5
 Silence                  Hex/Air        10%        N/A       52%         5
 Starburst                Conj/Fire      10%        6d5       98%         6
 Ignition                 Fire           10%        3d5       100%        8
 Maxwell's Capacitive Co  Air            10%        ∞         100%        8


Dungeon Overview and Level Annotations

Branches:
Dungeon (8/15)             Temple (1/1) D:5            Lair (0/6) D:8

Altars:
Ashenzari
Cheibriados
Dithmenos
Elyvilon
Fedhas
Gozag
Hepliaklqana
Makhleb
Nemelex Xobeh
Okawaru
Qazlal
Ru
Sif Muna
Trog
Uskayaw
Vehumet
Wu Jian
Xom
Zin
The Shining One

Annotations:
D:7 1 runed translucent door, Crazy Yiuf
D:8 Erica


Innate Abilities, Weirdness & Mutations

You have very sharp teeth.
Your uncanny sense of smell can sniff out nearby items.
Your experience applies equally to all skills.


Message History

The centaur warrior moves out of view.
You barely miss the bullfrog.
You bite the bullfrog, but do no damage.
The bullfrog hits you.
Erica the Fiery-Tempered comes into view.
She is wielding a +2 scimitar of flaming.
The bullfrog closely misses you.
You slash the bullfrog!
The bullfrog is heavily wounded.
The bullfrog completely misses you.
The centaur warrior wields a +0 shortbow.
The centaur warrior shoots an arrow.
The arrow barely misses you.
Erica points at you and mumbles some strange words.
You feel yourself slow down.
The bullfrog hits you but does no damage.
The centaur warrior shoots an arrow.
The arrow hits you!
You enter the shallow water.
Moving in this stuff is going to be slow.
The centaur warrior shoots an arrow.
The arrow completely misses you.
The bullfrog hits you but does no damage.
The centaur warrior shoots an arrow.
The arrow barely misses you. The bullfrog barely misses you.
The centaur warrior shoots an arrow.
The arrow hits you!! The bullfrog closely misses you.
The centaur warrior shoots an arrow.
The arrow hits you!!
* * * LOW HITPOINT WARNING * * *
Okay, then.
You aren't carrying any potions.
Unknown command.
Casting: Mephitic Cloud (dangerous; 7% risk of failure)
Confirm with . or Enter, or press ? or * to list all spells.
It is impossible to cast this spell (100% risk of failure)!
Unknown command.
Casting: Storm Form (potentially lethal; 100% risk of failure)
Confirm with . or Enter, or press ? or * to list all spells.
You blink.
You feel stable enough to blink again. The bullfrog misses you.
The bullfrog hits you.
* * * LOW HITPOINT WARNING * * *
Erica points at you and mumbles some strange words.
The lance of force hits you!!
You die...

#####).####.#.#
####.........#.#.#
....####..#.#.#.#
###......!.#.#.#.#
......####.#.#.#.###
.........<.#.#.....# #
#..$@..##.#.....#.#
..#..#......#######.#
......c.F@......###.#
≈≈≈≈≈≈≈..######.#...#
≈#≈≈≈≈#.######.#.#####
≈#≈≈≈≈≈.............>#
≈≈≈......####.###.#.#.#
....###.....#.# #.#.#
#### ##.....#.# #.# .
#...####(# #.# ##
#≈≈≈≈≈≈#.# #.#


You could see Erica, a centaur warrior and a bullfrog.

Vanquished Creatures
  A kobold demonologist (D:8)
  A komodo dragon (D:8)
  A yak (D:8)
  Grum (D:8)
  Menkaure (D:7)
  4 water moccasins
  2 ice beasts
  2 sky beasts
  4 necrophages
  3 ogres
  2 centaurs (D:7)
  2 wolves (D:8)
  3 phantoms
  3 kobold brigands (D:8)
  2 gnoll sergeants
  6 bullfrogs
  A wyvern zombie (D:6)
  2 scorpions
  A water moccasin zombie (D:6)
  4 howler monkeys
  A bullfrog zombie (D:5)
  A jelly (D:5)
  4 orc priests
  A gnoll shaman (D:5)
  A hound (D:6)
  A centaur skeleton (D:5)
  2 bullfrog skeletons
  2 iguanas
  2 orc wizards
  A killer bee zombie (D:8)
  A hound skeleton (D:5)
  19 gnolls
  8 adders
  2 white imps
  3 ufetubi
  An adder zombie (D:5)
  An adder skeleton (D:2)
  2 worms
  2 dart slugs
  24 orcs
  7 ball pythons
  5 bats
  9 endoplasms
  5 giant cockroaches
  8 goblins
  5 hobgoblins
  5 jackals
  16 kobolds
  2 quokkas
  5 frilled lizards
  5 rats
  A spectral kobold (D:1)
198 creatures vanquished.

Vanquished Creatures (others)
  A water moccasin (D:6)
  A water moccasin skeleton (D:6)
  53 fungi (D:8)
  45 plants (D:8)
100 creatures vanquished.

Grand Total: 298 creatures vanquished

Notes
Turn   | Place    | Note
-------+----------+-------------------------------------------
     0 | D:1      | Shayle the Gnoll Warper began the quest for the Orb.
     0 | D:1      | Reached XP level 1. HP: 20/20 MP: 6/6
   317 | D:1      | Reached XP level 2. HP: 26/26 MP: 7/7
   457 | D:1      | Reached XP level 3. HP: 9/31 MP: 9/9
   683 | D:1      | Reached skill level 5 in Spellcasting
   879 | D:1      | Found a faded altar of an unknown god.
  1046 | D:2      | Got the Incunabulum of Burning Enchantment
  1211 | D:2      | Reached skill level 1 in Invocations
  1450 | D:2      | Reached skill level 1 in Short Blades
  1450 | D:2      | Reached skill level 1 in Long Blades
  1450 | D:2      | Reached skill level 1 in Axes
  1450 | D:2      | Reached skill level 1 in Maces & Flails
  1450 | D:2      | Reached skill level 1 in Polearms
  1450 | D:2      | Reached skill level 1 in Staves
  1450 | D:2      | Reached skill level 1 in Slings
  1450 | D:2      | Reached skill level 1 in Bows
  1450 | D:2      | Reached skill level 1 in Crossbows
  1450 | D:2      | Reached skill level 1 in Stealth
  1450 | D:2      | Reached skill level 1 in Shields
  1450 | D:2      | Reached skill level 1 in Evocations
  1771 | D:2      | Reached XP level 4. HP: 33/38 MP: 11/11
  1982 | D:2      | Identified the +3 leather armour of Wisdom {rN+ Int+2}
  2493 | D:3      | Reached skill level 1 in Conjurations
  2493 | D:3      | Reached skill level 1 in Hexes
  2493 | D:3      | Reached skill level 1 in Summonings
  2493 | D:3      | Reached skill level 1 in Necromancy
  2493 | D:3      | Reached skill level 1 in Transmutations
  2493 | D:3      | Reached skill level 1 in Fire Magic
  2493 | D:3      | Reached skill level 1 in Ice Magic
  2493 | D:3      | Reached skill level 1 in Air Magic
  2493 | D:3      | Reached skill level 1 in Earth Magic
  2493 | D:3      | Reached skill level 1 in Poison Magic
  2496 | D:3      | Reached XP level 5. HP: 11/43 MP: 12/12
  3650 | D:3      | Reached XP level 6. HP: 42/50 MP: 13/13
  4011 | D:4      | Reached skill level 5 in Fighting
  4011 | D:4      | Reached skill level 5 in Dodging
  4011 | D:4      | Reached skill level 5 in Unarmed Combat
  4020 | D:5      | Entered Level 5 of the Dungeon
  4253 | D:5      | Noticed an ice beast
  4768 | D:4      | Reached XP level 7. HP: 56/56 MP: 15/15
  5099 | D:4      | Found a hide-covered altar of Uskayaw.
  5321 | D:4      | Found a glowing golden altar of the Shining One.
  5329 | D:4      | Found a hazy altar of Hepliaklqana.
  6232 | D:5      | Reached XP level 8. HP: 58/63 MP: 16/16
  6403 | D:5      | Learned a level 7 spell: Storm Form
  6563 | D:5      | Found a staircase to the Ecumenical Temple.
  6570 | Temple   | Entered the Ecumenical Temple
  6657 | Temple   | Became a worshipper of Makhleb the Destroyer
  7190 | D:5      | Reached XP level 9. HP: 28/69 MP: 18/18
  7527 | D:6      | Reached * piety under Makhleb
  7886 | D:6      | Reached skill level 5 in Throwing
  7886 | D:6      | Reached skill level 5 in Armour
  8363 | D:7      | Noticed Menkaure
  8370 | D:7      | Killed Menkaure
  8905 | D:7      | Learned a level 2 spell: Blink
  8909 | D:7      | Learned a level 3 spell: Teleport Other
  8913 | D:7      | Learned a level 3 spell: Mephitic Cloud
  8934 | D:7      | Learned a level 3 spell: Ignite Poison
  8975 | D:7      | Reached skill level 5 in Invocations
  9243 | D:8      | Found a broken altar of Ashenzari.
  9250 | D:8      | Noticed Grum
  9318 | D:7      | Found a runed translucent door.
  9319 | D:7      | Noticed Crazy Yiuf
 10128 | D:8      | Noticed a kobold demonologist
 10139 | D:8      | Killed a kobold demonologist
 10140 | D:8      | Reached XP level 10. HP: 71/77 MP: 20/20
 10289 | D:8      | Reached skill level 5 in Short Blades
 10289 | D:8      | Reached skill level 5 in Long Blades
 10289 | D:8      | Reached skill level 5 in Axes
 10289 | D:8      | Reached skill level 5 in Maces & Flails
 10289 | D:8      | Reached skill level 5 in Polearms
 10289 | D:8      | Reached skill level 5 in Staves
 10289 | D:8      | Reached skill level 5 in Slings
 10289 | D:8      | Reached skill level 5 in Bows
 10289 | D:8      | Reached skill level 5 in Crossbows
 10289 | D:8      | Reached skill level 5 in Stealth
 10289 | D:8      | Reached skill level 5 in Shields
 10289 | D:8      | Reached skill level 5 in Evocations
 10369 | D:8      | Reached ** piety under Makhleb
 10799 | D:8      | Found a staircase to the Lair.
 10842 | D:8      | Killed Grum
 11043 | D:8      | Noticed a centaur warrior
 11044 | D:8      | Noticed Erica
 11048 | D:8      | Killed from afar by Erica

Illustrated notes

Levels and vault maps discovered:
D:1:      sevenhm_arrival_forest_fort_small_5, layout_rooms,
          dreamdust_ecumenical_altar_drowned_temple
D:2:      layout_basic
D:3:      layout_loops_cross
D:4:      layout_cave_pods, mainiacjoe_overflow_surrounded_room,
          amethyst_overflow_temple_binary
D:5:      minmay_polygon_palace, layout_cave_pools, minmay_temple_entry_glass
D:6:      layout_basic, minivault_1, lemuel_flamethrower_2
D:7:      layout_basic, uniq_menkaure, uniq_crazy_yiuf_cottage
D:8:      hellmonk_warped_wall, layout_basic, ashenzari_conservatory_becter,
          due_lair_maze_entry_diamond, serial_rivers,
          chequers_serial_rivers_large_a, chequers_serial_rivers_micro_a,
          chequers_serial_rivers_micro_b, chequers_serial_rivers_micro_b,
          nicolae_fountain_basement, uniq_grum, uniq_erica
Temple:   compressed_dpeg_circular_temple

Skill      XL: |  1  2  3  4  5  6  7  8  9 10 |
---------------+-------------------------------+-----
Spellcasting   | 5 6 7 |  7.4
Invocations    | 1 2 3 4 5 |  5.9
Short Blades   | 1 2 3 4 5 |  5.3
Long Blades    | 1 2 3 4 5 |  5.3
Axes           | 1 2 3 4 5 |  5.3
Maces & Flails | 1 2 3 4 5 |  5.3
Polearms       | 1 2 3 4 5 |  5.3
Staves         | 1 2 3 4 5 |  5.3
Slings         | 1 2 3 4 5 |  5.3
Bows           | 1 2 3 4 5 |  5.3
Crossbows      | 1 2 3 4 5 |  5.3
Stealth        | 1 2 3 4 5 |  5.3
Shields        | 1 2 3 4 5 |  5.3
Evocations     | 1 2 3 4 5 |  5.3
Conjurations   | 1 2 3 4 |  4.4
Hexes          | 1 2 3 4 |  4.4
Summonings     | 1 2 3 4 |  4.4
Necromancy     | 1 2 3 4 |  4.4
Transmutations | 1 2 3 4 |  4.4
Fire Magic     | 1 2 3 4 |  4.4
Ice Magic      | 1 2 3 4 |  4.4
Air Magic      | 1 2 3 4 |  4.4
Earth Magic    | 1 2 3 4 |  4.4
Poison Magic   | 1 2 3 4 |  4.4
Throwing       | 3 4 5 6 |  6.0
Armour         | 3 4 5 6 |  6.0
Fighting       | 5 6 7 |  7.1
Dodging        | 5 6 7 |  7.1
Unarmed Combat | 5 6 7 |  7.1
Translocations | 6 7 |  7.1

Action                   |  1- 3 |  4- 6 |  7- 9 | 10-12 || total
-------------------------+-------+-------+-------+-------++-------
Melee: Unarmed           |    94 |       |       |       ||    94
       Punch             |     5 |     5 |    13 |       ||    23
       Bite              |    12 |    17 |    41 |    13 ||    83
       Whip              |    30 |   172 |   133 |       ||   335
       Great sword       |    12 |       |   147 |    95 ||   254
       Flail             |       |       |    88 |       ||    88
Throw: Boomerang         |     5 |       |       |       ||     5
       Dart              |       |       |     5 |     1 ||     6
 Cast: Mephitic Cloud    |       |       |     2 |       ||     2
       Blink             |       |       |       |     1 ||     1
Evoke: Wand              |       |     2 |     8 |     2 ||    12
  Use: Scroll            |     1 |     2 |    12 |       ||    15
       Potion            |       |     1 |     4 |       ||     5
 Stab: Sleeping          |       |     2 |     3 |       ||     5
       Confused          |       |       |     1 |       ||     1
Armor: Leather armour    |    21 |    31 |   135 |    21 ||   208
       Ring mail         |    33 |       |       |       ||    33
Dodge: Dodged            |    68 |   156 |   406 |   109 ||   739

Table legend: (Time is in decaauts)
 A = Elapsed time spent in this place.
 B = Non-inter-level travel time spent in this place.
 C = Inter-level travel time spent in this place.
 D = Time resting spent in this place.
 E = Time spent auto-exploring this place.
 F = Levels seen in this place.
 G = Mean time per level.
                   A        B        C        D        E       F      G
               +--------+--------+--------+--------+--------+-----+--------+
         Total |  11203 |  10985 |    218 |   3100 |   5114 |   9 | 1244.8 |
       Dungeon |  11086 |  10898 |    188 |   3100 |   5114 |   8 | 1385.8 |
        Temple |    117 |     87 |     30 |      0 |      0 |   1 |  117.0 |
               +--------+--------+--------+--------+--------+-----+--------+

Top non-repeatable levels by time:
     D:4: 2270 daAuts
     D:7: 1538 daAuts
     D:3: 1437 daAuts
     D:5: 1378 daAuts
     D:8: 1277 daAuts
     D:2: 1244 daAuts
     D:1: 1023 daAuts
     D:6: 915 daAuts
  Temple: 117 daAuts
